 Dungeon Sprint DCSS version 0.24.0-123-gd5b16e6ec5 (webtiles) character file.

Game seed: 5578201967813384882, levelgen mode: deterministic

7300000 Groucho the Intangible (level 27, -2/174 HPs)
             Began as a Spriggan Assassin on Jan 11, 2020.
             Was the Champion of Makhleb.
             Slain by The Servant
             ... wielding a +9 glaive of flaming
              (136 damage)
             ... in the Dungeon (Sprint VIII: "Arena of Blood").
             The game lasted 00:04:16 (73 turns).

Groucho the Intangible (Spriggan Assassin)            Turns: 73, Time: 00:04:17

Health: -2/174     AC:  6    Str:  8    XL:     27
Magic:  30/55      EV: 44    Int: 16    God:    Makhleb [******]
Gold:   0          SH:  0    Dex: 26    Spells: 80/80 levels left

rFire    . . .     SeeInvis +   m - +∞ Axe of Woe
rCold    . . .     Gourm    .   (shield currently unavailable)
rNeg     . . .     Faith    .   b - +0 robe
rPois    .         Spirit   .   (helmet restricted)
rElec    .         Reflect  .   c - +0 cloak
rCorr    .         Harm     .   (gloves unavailable)
MR       ++++.     NoTele   +   (boots unavailable)
Stlth    +++++++++.             (no amulet)
HPRegen  0.39/turn              (no ring)
MPRegen  0.34/turn              (no ring)

@: very quick
A: very small, unfitting armour, see invisible, herbivore, speed 3, slow
metabolism 2
a: Minor Destruction, Lesser Servant of Makhleb, Major Destruction, Greater
Servant of Makhleb, Renounce Religion


You were in the Dungeon.
You worshipped Makhleb.
Makhleb was exalted by your worship.
You were not hungry.

You visited 1 branch

Inventory:

Hand Weapons
 a - a +2 dagger
 m - the +∞ Axe of Woe (weapon)
   (You found it in the Dungeon)
Missiles
 d - 8 poisoned darts (quivered)
 e - 2 curare-tipped darts
Armour
 b - a +0 robe (worn)
 c - a +0 cloak (worn)
Scrolls
 l - a scroll of blinking
Potions
 g - a potion of curing
 i - a potion of haste
 j - 2 potions of magic
 k - a potion of berserk rage
Comestibles
 f - a ration


   Skills:
 O Level 27 Fighting
 O Level 27 Short Blades
 O Level 27 Axes
 O Level 27 Throwing
 O Level 27 Armour
 O Level 27 Dodging
 O Level 27 Stealth
 O Level 27 Unarmed Combat
 O Level 27 Spellcasting
 O Level 27 Invocations


You had 80 spell levels left.
You didn't know any spells.
Your spell library was empty.

Dungeon Overview and Level Annotations

Branches:
Dungeon (1/1)

Altars:
Makhleb

Annotations:
D The Servant


Innate Abilities, Weirdness & Mutations

You are very small and have problems with some larger weapons.
You are too small for most types of armour.
You have supernaturally acute eyesight. (SInv)
You are a herbivore.
You cover ground extremely quickly.
You need to consume almost no food.


Message History

The sphere of damnation explodes!
The damnation engulfs you!!
You hear a shout!
The meat berserker rages.
You hear a shout!
Two crawling corpses merge to form a small abomination.
The meat beast roars, "Quail, thou clouted ill-breeding barnacle!"
You hear a shout! x3
What are your orders? t - Shout!
Orders for allies: a - Attack new target. r - Retreat! s - Stop attacking. g - Guard the area. f - Follow me.
Anything else - Cancel.
You shout for attention!
You hear a shout!
A meat berserker comes into view. It is wielding a +9 battleaxe.
You hear a shout! x2
The destroyer blinks!
The Servant hits you from afar with a +9 glaive of flaming!!!!
Ouch! That really hurt!
You die...

... ....O #o.
...# . #.. ..2#
% ..###..
.O.###..
.....§###..W.%%
......_%.....
#.)))%# #_V@O☼#
#)%)°o#
...§%._§@xoz...
......###o...o.o
..###.. ..%###..
. #.. .%%# . #..
..%# ... ....o
....


You could see a meat beast, The Servant, a destroyer, a sculptor of flesh, a
dread, 3 meat berserkers, a small abomination and 6 bags of meat.

Vanquished Creatures
  A hell beast (D)
  A greater mummy (D)
  10 vampire knights (D)
  18 ogres (D)
  4 two-headed ogres (D)
  A lich (D)
  2 hydras (D)
  22 orcs (D)
  5 skeletal warriors (D)
  2 large abominations (D)
  3 small abominations (D)
  14 crawling corpses (D)
83 creatures vanquished.

Vanquished Creatures (others)
  A crawling corpse (D)
1 creature vanquished.

Grand Total: 84 creatures vanquished

Notes
Turn   | Place    | Note
-------+----------+-------------------------------------------
     0 | D        | Found the +∞ Axe of Woe
     0 | D        | Groucho the Spriggan Assassin began the quest for the Orb.
     0 | D        | Reached XP level 1. HP: 10/10 MP: 2/2
     4 | D        | Became a worshipper of Makhleb the Destroyer
     4 | D        | Noticed a bag of meat
     4 | D        | Noticed a bag of meat
     5 | D        | Noticed a bag of meat
     6 | D        | Noticed a bag of meat
     9 | D        | Noticed a bag of meat
    10 | D        | Noticed a bag of meat
    11 | D        | Noticed a meat berserker
    11 | D        | Killed a bag of meat
    11 | D        | Reached XP level 2. HP: 14/14 MP: 3/3
    11 | D        | Reached XP level 3. HP: 18/18 MP: 4/4
    11 | D        | Reached XP level 4. HP: 22/22 MP: 5/5
    11 | D        | Reached XP level 5. HP: 25/25 MP: 6/6
    11 | D        | Reached XP level 6. HP: 30/30 MP: 7/7
    11 | D        | Reached XP level 7. HP: 33/33 MP: 8/8
    11 | D        | Reached XP level 8. HP: 37/37 MP: 9/9
    11 | D        | Reached XP level 9. HP: 41/41 MP: 10/10
    11 | D        | Reached XP level 10. HP: 46/46 MP: 11/11
    11 | D        | Reached XP level 11. HP: 49/49 MP: 12/12
    11 | D        | Killed a bag of meat
    11 | D        | Reached skill level 27 in Dodging
    11 | D        | Reached XP level 12. HP: 53/53 MP: 13/13
    12 | D        | Killed a bag of meat
    12 | D        | Reached * piety under Makhleb
    12 | D        | Reached XP level 13. HP: 57/57 MP: 14/14
    13 | D        | Killed a meat berserker
    13 | D        | Reached skill level 27 in Axes
    13 | D        | Reached XP level 14. HP: 65/65 MP: 15/15
    13 | D        | Killed a bag of meat
    13 | D        | Reached ** piety under Makhleb
    13 | D        | Reached XP level 15. HP: 80/80 MP: 16/16
    15 | D        | Noticed a meat berserker
    18 | D        | Noticed a meat berserker
    19 | D        | Killed a meat berserker
    19 | D        | Reached skill level 15 in Armour
    19 | D        | Reached XP level 16. HP: 98/98 MP: 17/17
    20 | D        | Noticed a destroyer
    20 | D        | Noticed a destroyer
    22 | D        | Reached *** piety under Makhleb
    22 | D        | Killed a meat berserker
    22 | D        | Reached XP level 17. HP: 110/110 MP: 18/18
    22 | D        | Noticed a destroyer
    24 | D        | Killed a destroyer
    24 | D        | Reached **** piety under Makhleb
    24 | D        | Reached XP level 18. HP: 123/123 MP: 19/19
    24 | D        | Noticed a meat berserker
    24 | D        | Noticed a meat berserker
    27 | D        | Noticed a destroyer
    27 | D        | Noticed a large bag of meat
    28 | D        | Killed a destroyer
    28 | D        | Reached skill level 27 in Fighting
    28 | D        | Reached skill level 27 in Armour
    28 | D        | Reached skill level 10 in Unarmed Combat
    28 | D        | Reached XP level 19. HP: 132/132 MP: 19/28
    28 | D        | Reached ***** piety under Makhleb
    28 | D        | Reached skill level 15 in Invocations
    28 | D        | Killed a meat berserker
    28 | D        | Noticed an eight-headed meat hydra
    29 | D        | Noticed an eight-headed meat hydra
    29 | D        | Killed a meat berserker
    29 | D        | Reached XP level 20. HP: 137/137 MP: 19/36
    29 | D        | Noticed a large bag of meat
    31 | D        | Noticed a meat berserker
    31 | D        | Noticed a large bag of meat
    32 | D        | Noticed a destroyer
    32 | D        | Killed a destroyer
    32 | D        | Killed a nine-headed meat hydra
    32 | D        | Reached skill level 27 in Invocations
    33 | D        | Killed a large bag of meat
    33 | D        | Reached skill level 27 in Unarmed Combat
    33 | D        | Reached skill level 15 in Spellcasting
    33 | D        | Reached XP level 21. HP: 142/142 MP: 20/41
    33 | D        | Killed a large bag of meat
    33 | D        | Killed a destroyer
    33 | D        | Noticed a destroyer
    36 | D        | Reached ****** piety under Makhleb
    36 | D        | Reached skill level 27 in Spellcasting
    36 | D        | Killed a destroyer
    36 | D        | Reached skill level 27 in Throwing
    36 | D        | Reached XP level 22. HP: 148/148 MP: 20/54
    37 | D        | Killed a destroyer
    37 | D        | Reached skill level 27 in Short Blades
    37 | D        | Reached skill level 15 in Stealth
    40 | D        | HP: 6/148 [something (29)]
    41 | D        | Killed a large bag of meat
    41 | D        | Noticed a large bag of meat
    42 | D        | Reached skill level 27 in Stealth
    42 | D        | Noticed a destroyer
    44 | D        | Noticed an accursed
    44 | D        | Reached XP level 23. HP: 113/153 MP: 22/55
    46 | D        | Killed a destroyer
    46 | D        | Reached XP level 24. HP: 158/158 MP: 23/55
    49 | D        | Noticed a destroyer
    49 | D        | Noticed a tyrant
    52 | D        | Killed an accursed
    52 | D        | Reached XP level 25. HP: 151/163 MP: 24/55
    56 | D        | Killed a tyrant
    56 | D        | Noticed a destroyer
    57 | D        | Reached XP level 26. HP: 169/169 MP: 25/55
    58 | D        | Killed a large bag of meat
    61 | D        | Noticed a meat beast
    61 | D        | Killed a meat beast
    61 | D        | Reached XP level 27. HP: 171/174 MP: 26/55
    65 | D        | Killed a destroyer
    67 | D        | Noticed a destroyer
    68 | D        | Killed a destroyer
    68 | D        | Noticed The Servant
    69 | D        | Noticed a meat beast
    69 | D        | Noticed a destroyer
    70 | D        | Noticed a destroyer
    70 | D        | Noticed a meat beast
    71 | D        | Noticed a dread
    72 | D        | Killed a destroyer
    72 | D        | Noticed a meat beast
    73 | D        | Slain by The Servant

Levels and vault maps discovered:
D:        meatsprint

Skill      XL: |  1  2  3  4  5  6  7  8  9 10 11 12 13 14 15 16 17 18 19 20 21 22 |
---------------+-------------------------------------------------------------------+-----
Axes           | 16 20 23 27 | 27.0
Dodging        | 25 27 | 27.0
Fighting       | 3 9 17 21 25 27 | 27.0
Armour         | 2 8 15 19 23 27 | 27.0
Unarmed Combat | 10 20 27 | 27.0
Invocations    | 11 23 27 | 27.0
Throwing       | 13 27 | 27.0
Spellcasting   | 15 27 | 27.0
Short Blades   | 18 27 | 27.0
Stealth        | 27 | 27.0

Action                   |  1- 3 |  4- 6 |  7- 9 | 10-12 | 13-15 | 16-18 | 19-21 | 22-24 | 25-27 || total
-------------------------+-------+-------+-------+-------+-------+-------+-------+-------+-------++-------
Melee: Broad axe         |     1 |       |       |     1 |     3 |     4 |     5 |    14 |    16 ||    44
  Use: Potion            |       |       |       |       |       |       |       |     1 |       ||     1
 Stab: Distracted        |       |       |       |       |       |       |       |       |     1 ||     1
Dodge: Dodged            |       |       |       |       |       |       |       |       |     1 ||     1
